Map: Void Training Stage 3

Players

Smeeeger - Winner!

  • Race: Zerg Zerg
  • League: Platinum
  • Spawn Location: 6:00

Player 2

  • Race: Zerg Zerg
  • Spawn Location: 12:00

VOD

Have the link to the VOD?

Description

Time

  • Played on: July 21, 2019, 11:03 a.m.
  • Length: 10:13
Show
View Real Time Build Order
Export as new Build Order

Smeeeger Zerg - Winner!

Build Orders: Hatch First, Roach Hydra 

Get SALT Encoding   

  12  0:04  Drone  
  13  0:16  Overlord  
  13  0:19  Drone  
  14  0:34  Drone x2  
  16  0:45  Drone  
  17  0:55  Drone  
  18  1:03  Drone  
  19  1:09  Extractor  
  18  1:17  Hatchery, Spawning Pool  
  16  1:20  Drone  
  16  1:22  Drone  
  18  1:34  Drone  
  19  1:43  Overlord  
  19  1:56  Drone  
  20  2:06  Queen  
  23  2:08  Zergling x2  
  23  2:18  Zergling x2  
  24  2:31  Queen  
  24  2:36  Drone x2  
  24  2:37  Metabolic Boost  
  28  2:40  Baneling Nest  
  27  2:46  Overlord  
  27  3:02  Drone  
  27  3:05  Drone x4  
  32  3:06  Queen  
  32  3:10  Overlord  
  34  3:22  Hatchery  
  33  3:32  Lair  
  33  3:38  Roach Warren  
  33  3:41  Evolution Chamber  
  31  3:43  Drone x2  
  31  3:44  Drone  
  34  3:56  Drone x4  
  34  3:59  Extractor  
  34  4:00  Extractor  
  36  4:04  Overlord x2  
  35  4:12  Overlord  
  35  4:22  Drone  
  35  4:23  Drone x3  
  39  4:25  Roach  
  39  4:26  Roach  
  43  4:33  Drone x3  
  43  4:37  Glial Reconstitution  
  46  4:46  Queen  
  46  4:48  Roach  
  46  4:49  Roach  
  46  4:51  Roach  
  54  5:00  Roach x2  
  54  5:01  Roach  
  54  5:06  Zerg Missile Weapons Level 1  
  60  5:07  Roach  
  60  5:09  Overlord  
  62  5:19  Roach  
  62  5:20  Roach x3  
  70  5:24  Overlord  
  70  5:31  Extractor  
  70  5:33  Roach x3  
  70  5:34  Roach  
  77  5:42  Overlord x2  
  77  5:49  Drone x3  
  80  5:52  Hydralisk Den  
  80  5:53  Roach  
  81  5:58  Drone x3  
  84  6:10  Centrifical Hooks  
  84  6:15  Roach  
  84  6:16  Roach x3  
  84  6:17  Overlord  
  92  6:20  Drone  
  92  6:21  Drone  
  94  6:50  Drone  
  94  6:51  Drone x5  
  94  6:52  Drone x2, Overlord x3  
  102  7:00  Zerg Missile Weapons Level 2  
  102  7:04  Drone x3  
  102  7:06  Drone x3  
  102  7:07  Extractor x2  
  102  7:08  Drone  
  107  7:09  Drone, Muscular Augments  
  107  7:11  Drone  
  109  7:17  Drone x3  
  112  7:24  Hydralisk x3  
  118  7:37  Drone x2  
  118  7:38  Drone  
  118  7:41  Evolution Chamber  
  118  7:42  Hydralisk x2  
  118  7:43  Hatchery  
  123  7:47  Overseer, Pneumatized Carapace  
  123  7:49  Hydralisk  
  125  7:52  Overlord  
  125  8:03  Hydralisk  
  125  8:04  Hydralisk x4  
  135  8:08  Infestation Pit  
  134  8:17  Overlord x3  
  134  8:19  Overlord  
  134  8:20  Grooved Spines  
  134  8:24  Hydralisk  
  134  8:25  Hydralisk x2  
  134  8:26  Hydralisk  
  140  8:50  Roach  
  140  8:51  Roach x8  
  158  8:57  Drone  
  158  8:58  Drone x5  
  158  9:00  Hatchery  
  163  9:15  Drone x3  
  163  9:16  Queen  
  168  9:19  Extractor  
  167  9:25  Overlord x2  
  165  9:47  Roach x3  
  165  9:48  Roach x12  
  195  9:55  Drone x2  
  195  9:56  Drone  
  195  9:59  Extractor  
Show
View Real Time Build Order
Export as new Build Order

Player 2 Zerg 

Build Orders: Hatch First 

Get SALT Encoding   

  12  0:00  Drone  
  13  0:13  Overlord  
  13  0:18  Drone  
  14  0:31  Drone  
  14  0:34  Drone  
  16  0:36  Drone  
  17  0:54  Hatchery  
  17  0:56  Drone  
  17  1:12  Spawning Pool  
  17  1:14  Drone  
  17  1:17  Drone  
  18  1:20  Extractor  
  18  1:23  Drone  
  18  1:30  Overlord  
  18  2:00  Zergling x2  
  19  2:02  Queen, Zergling x2, Roach Warren  
  19  2:03  Extractor  
  19  2:04  Drone  
  19  2:07  Drone  
  22  2:42  Drone, Roach, Extractor  
  24  2:45  Overlord  
  24  2:59  Drone  
  24  3:00  Roach  
  27  3:06  Lair, Extractor  
  26  3:13  Drone  
  26  3:17  Drone  
  26  3:19  Roach  
  30  3:20  Drone  
  30  3:24  Drone  
  32  3:28  Drone  
  32  3:32  Drone  
  34  3:37  Roach  
  34  3:39  Overlord  
  36  3:44  Drone  
  36  3:47  Drone  
  38  3:50  Drone  
  38  3:54  Drone  
  40  4:07  Infestation Pit  
  40  4:09  Hydralisk Den  
  38  4:17  Drone  
  39  4:20  Drone  
  40  4:32  Overlord  
  40  4:37  Drone  
  41  4:40  Hydralisk, Drone  
  41  4:43  Drone  
  45  4:46  Drone  
  45  4:49  Drone  
  45  4:52  Drone  
  48  4:56  Drone  
  48  4:59  Hydralisk, Drone  
  52  5:04  Overlord  
  52  5:08  Drone  
  52  5:11  Drone  
  52  5:13  Drone  
  55  5:16  Drone  
  55  5:17  Infestor  
  55  5:19  Drone  
  59  5:23  Drone  
  59  5:26  Overlord  
  60  5:34  Drone  
  61  5:37  Roach  
  62  5:45  Drone  
  62  5:47  Drone  
  62  5:49  Overlord  
  64  5:51  Drone  
  64  5:54  Drone  
  64  5:56  Roach  
  68  5:57  Drone  
  69  6:05  Overseer  
  69  6:07  Overseer, Drone, Overlord  
  70  6:17  Drone, Baneling Nest  
  70  6:18  Hydralisk  
  70  6:20  Drone  
  70  6:23  Drone  
  70  6:25  Evolution Chamber  
  73  6:26  Drone  
  73  6:28  Overlord  
  73  6:31  Drone  
  73  6:32  Spore Crawler  
  74  6:35  Spore Crawler  
  74  6:38  Spore Crawler  
  74  6:39  Drone  
  73  6:41  Drone  
  73  6:42  Spore Crawler  
  73  6:47  Queen  
  73  6:49  Drone  
  73  6:50  Infestor  
  73  6:52  Drone  
  79  6:54  Queen  
  79  6:55  Drone  
  79  7:00  Spine Crawler  
  81  7:03  Spine Crawler  
  81  7:06  Spine Crawler  
  81  7:07  Drone  
  80  7:08  Hydralisk  
  80  7:12  Spine Crawler  
  80  7:13  Drone  
  82  7:20  Spire  
  82  7:21  Drone  
  82  7:22  Evolution Chamber  
  81  7:24  Drone  
  81  7:28  Roach  
  84  7:46  Roach  
  86  8:14  Overseer, Overlord  
  86  9:37  Hydralisk  
  82  9:38  Overlord  
  82  9:39  Overseer  
  82  9:45  Zergling x2  
  63  9:48  Drone  
  63  9:51  Drone  
  47  9:53  Drone  
  47  9:54  Overseer  
  47  9:56  Drone  
  28  10:00  Drone  
  28  10:03  Hatchery  
Tags
 
Add a new tag
Caveats
  • Supply blocks, unpowered buildings, or Contaminate may cause inaccurate times.
  • Supply counts are checked every 10 seconds.